 Dungeon Crawl Stone Soup version 0.25.1-2-g60ff931df9 (webtiles) character file.

Game seed: 14765476859870322606

3756 Goboxel the Magician (level 10, -17/77 HPs)
             Began as a Gnoll Skald on June 6, 2020.
             Was a High Priest of the Shining One.
             Demolished by a large abomination (30 damage)
             ... on level 2 of the Abyss on Oct 9, 2020.
             The game lasted 00:26:22 (8256 turns).

Goboxel the Magician (Gnoll Skald)                  Turns: 8256, Time: 00:26:24

Health: -17/77     AC: 10    Str: 17    XL:     10   Next: 15%
Magic:  11/20      EV: 18    Int: 20    God:    the Shining One [*****.]
Gold:   523        SH:  0    Dex: 24    Spells: 6/23 levels left

rFire    . . .     SeeInvis .   A - +0 scimitar
rCold    . . .     Gourm    .   (no shield)
rNeg     + + +     Faith    .   v - +2 leather armour of Cotask {rC- rN+ Str+4 Int+4}
rPois    .         Spirit   .   D - +0 helmet
rElec    .         Reflect  .   m - +1 cloak
rCorr    .         Harm     .   q - +0 pair of gloves
MR       .....                  (no boots)
Stlth    ++........             x - amulet of the acrobat
HPRegen  0.22/turn              H - +6 ring of dexterity
MPRegen  0.17/turn              G - ring of protection from cold

@: very slightly contaminated, glowing
A: distributed training, fangs 1, strong nose
a: Divine Shield, Cleansing Flame, Summon Divine Warrior, Renounce Religion


You were on level 2 of the Abyss.
You worshipped the Shining One.
The Shining One was extremely pleased with you.
You were not hungry.

You visited 2 branches of the dungeon, and saw 9 of its levels.
You visited the Abyss 1 time.
You also visited: Ossuary.

You collected 523 gold pieces.

Inventory:

Hand Weapons
 A - a +0 scimitar (weapon)
 K - a cursed -3 short sword
Missiles
 y - 3 silver boomerangs (quivered)
Armour
 b - a +0 leather armour
 m - a +1 cloak (worn)
 q - a +0 pair of gloves (worn)
 v - the +2 leather armour of Cotask (worn) {rC- rN+ Str+4 Int+4}
   (You found it on level 4 of the Dungeon)

   It affects your strength (+4).
   It affects your intelligence (+4).
   It makes you vulnerable to cold.
   It protects you from negative energy.
 B - a +2 robe of magic resistance
 D - a +0 helmet (worn)
Magical Staves
 E - an uncursed staff of poison
Jewellery
 x - an amulet of the acrobat (around neck)
 G - a ring of protection from cold (right hand)
 H - a +6 ring of dexterity (left hand)
Wands
 o - a wand of enslavement (7)
 u - a wand of paralysis (4)
Scrolls
 f - 2 scrolls of enchant armour
 g - 3 scrolls of amnesia
 h - a scroll of enchant weapon {unknown}
 k - 10 scrolls of identify
 n - a scroll of immolation
 t - 4 scrolls of teleportation
 z - a scroll of remove curse
 I - a scroll of blinking
Potions
 c - 3 potions of berserk rage {unknown}
 e - a potion of brilliance {unknown}
 i - a potion of ambrosia {unknown}
 j - 3 potions of heal wounds
 l - 2 potions of mutation {unknown}
 p - 2 potions of haste {unknown}
 r - a potion of degeneration {unknown}
 s - 3 potions of might
 w - 2 potions of resistance {unknown}
 C - a potion of lignification {unknown}
 F - 2 potions of curing {unknown}
Comestibles
 d - 12 rations


   Skills:
 + Level 6.8 Fighting
 + Level 4.9 Short Blades
 + Level 6.8 Long Blades
 + Level 4.9 Axes
 + Level 4.9 Maces & Flails
 + Level 4.9 Polearms
 + Level 4.9 Staves
 + Level 4.9 Slings
 + Level 4.9 Bows
 + Level 4.9 Crossbows
 + Level 4.9 Throwing
 + Level 5.6 Armour
 + Level 6.8 Dodging
 + Level 4.9 Stealth
 + Level 4.9 Shields
 + Level 4.9 Unarmed Combat
 + Level 7.1 Spellcasting
 + Level 4.0 Conjurations
 + Level 4.0 Hexes
 + Level 6.9 Charms
 + Level 4.0 Summonings
 + Level 4.0 Necromancy
 + Level 4.0 Translocations
 + Level 4.0 Transmutations
 + Level 4.0 Fire Magic
 + Level 4.0 Ice Magic
 + Level 4.0 Air Magic
 + Level 4.0 Earth Magic
 + Level 4.0 Poison Magic
 + Level 5.4 Invocations
 + Level 4.9 Evocations


You had 6 spell levels left.
You knew the following spells:

 Your Spells              Type           Power        Failure   Level  Hunger
a - Infusion              Chrm           ####         1%          1    None
b - Song of Slaying       Chrm           ####....     1%          2    None
c - Shroud of Golubria    Chrm/Tloc      ####..       1%          2    None
d - Ozocubu's Armour      Chrm/Ice       ####....     3%          3    #......
e - Spectral Weapon       Hex/Chrm       ####....     3%          3    #......
f - Blink                 Tloc           N/A          3%          2    None
g - Magic Dart            Conj           ###.         1%          1    None
h - Mephitic Cloud        Conj/Pois/Air  ###.....     6%          3    #......

Your spell library contained the following spells:

 Spells                   Type           Power        Failure   Level  Hunger
 Call Imp                 Summ           ###.....     3%          2    None
 Slow                     Hex            ###.....     3%          2    None
 Conjure Flame            Conj/Fire      ###.....     6%          3    #......


Dungeon Overview and Level Annotations

Branches:
Dungeon (8/15)             Temple (1/1) D:6         Ossuary (visited)
   Lair: D:8-11

Altars:
Ashenzari
Dithmenos
Fedhas
Kikubaaqudgha
Makhleb
Nemelex Xobeh
Sif Muna
Vehumet
Xom
The Shining One

Annotations:
D:8 Psyche


Innate Abilities, Weirdness & Mutations

Your experience applies equally to all skills.
You have very sharp teeth.
Your uncanny sense of smell can sniff out nearby items.


Message History

The starspawn tentacle is heavily damaged.
Casting: Blink (safe; 3% risk of failure)
Confirm with . or Enter, or press ? or * to list all spells.
You miscast Blink.
You are very lightly contaminated with residual magic.
Nothing appears to happen.
The tentacled starspawn bites you!!
* * * LOW HITPOINT WARNING * * *
The tentacled starspawn misses you.
The iron imp lashes its tail.
The starspawn tentacle misses you.
You riposte.
You hit the starspawn tentacle but do no damage.
The starspawn tentacle is heavily damaged.
The starspawn tentacle barely misses you.
Casting: Blink (safe; 3% risk of failure)
Confirm with . or Enter, or press ? or * to list all spells.
You blink.
The thrashing horror barely misses you.
You riposte.
You closely miss the thrashing horror.
The thrashing horror tramples you but does no damage.
The large abomination hits you!!
You die...

..h###...###...###.#..#
. #
...#.....#..?..#.#..
#X. #.
.h...............#X##..
...## .
.#.....#.....#.# .## #
. # #.
##...###...###..... #.
. ##. #h## ##X## ##
.#.#.#. . #... ##.
.###5w>## #.##### ..
.....#.....#.5│X.#...#
. #.#.#
..........h..X│.@..# #
.. . ..#.....#.5.wX#.#
# .# ..##..##..h.#..#.
.. # . #.....
#..###.##.# .# . ... ##
#.#...#.. .. .. #. . #
. ## ##. #...... ##.
.#.#. . # ##.#.### #. #
..# . ##. # .. .. ## #
..


You could see a tentacled starspawn, a thrashing horror, 2 large abominations, 2
raiju, 2 starspawn tentacles, 2 iron imps and an ufetubus.

Vanquished Creatures
  A two-headed ogre (D:7)
  Grinder (D:6)
  A hippogriff (D:8)
  Sigmund (D:3)
  Edmund (D:4)
  2 water moccasins
  3 orc warriors
  A sky beast (D:5)
  2 ice beasts (D:6)
  4 ogres
  2 bullfrogs
  An elf zombie (Ossuary)
  A scorpion (D:8)
  6 crimson imps
  3 hounds
  4 centaur zombies
  2 orc priests
  A centaur skeleton (D:6)
  A bullfrog skeleton (D:5)
  A jelly (D:6)
  6 orc wizards
  2 worker ants
  A big kobold zombie (Ossuary)
  2 hound skeletons
  3 mummies
  2 howler monkey skeletons
  3 gnolls (D:4)
  7 adders
  An adder zombie (Ossuary)
  4 worms
  A dart slug (D:1)
  7 leopard geckos
  29 orcs
  9 bats
  6 giant cockroaches
  4 hobgoblins
  4 jackals (D:1)
  3 kobolds
  8 quokkas
  2 ball pythons
  3 frilled lizards
  3 goblins
  A goblin zombie (Ossuary)
  5 hobgoblin zombies
  A jackal skeleton (D:4)
  A jackal zombie (Ossuary)
  11 kobold zombies
  13 orc zombies (Ossuary)
  A quokka skeleton (D:6)
  2 quokka zombies
  5 rats
  3 rat zombies (Ossuary)
192 creatures vanquished.

Vanquished Creatures (others)
  2 starspawn tentacles (Abyss:2)
2 creatures vanquished.

Grand Total: 194 creatures vanquished

Notes
Turn   | Place    | Note
-------+----------+-------------------------------------------
     0 | D:1      | Goboxel the Gnoll Skald began the quest for the Orb.
     0 | D:1      | Reached XP level 1. HP: 20/20 MP: 6/6
   153 | D:1      | Reached XP level 2. HP: 23/26 MP: 1/7
   188 | D:1      | Learned a level 2 spell: Song of Slaying
   191 | D:1      | Learned a level 2 spell: Shroud of Golubria
   796 | D:1      | Reached XP level 3. HP: 31/31 MP: 9/9
   970 | D:2      | Reached skill level 5 in Spellcasting
  1056 | D:2      | Reached skill level 1 in Invocations
  1378 | D:2      | Reached skill level 1 in Short Blades
  1378 | D:2      | Reached skill level 1 in Axes
  1378 | D:2      | Reached skill level 1 in Maces & Flails
  1378 | D:2      | Reached skill level 1 in Polearms
  1378 | D:2      | Reached skill level 1 in Staves
  1378 | D:2      | Reached skill level 1 in Slings
  1378 | D:2      | Reached skill level 1 in Bows
  1378 | D:2      | Reached skill level 1 in Crossbows
  1378 | D:2      | Reached skill level 1 in Throwing
  1378 | D:2      | Reached skill level 1 in Stealth
  1378 | D:2      | Reached skill level 1 in Shields
  1378 | D:2      | Reached skill level 1 in Unarmed Combat
  1378 | D:2      | Reached skill level 1 in Evocations
  1612 | D:2      | Reached XP level 4. HP: 37/38 MP: 7/11
  1917 | D:3      | Found a radiant altar of Vehumet.
  2486 | D:3      | Noticed Sigmund
  2499 | D:3      | Killed Sigmund
  2499 | D:3      | Reached skill level 1 in Conjurations
  2499 | D:3      | Reached skill level 1 in Hexes
  2499 | D:3      | Reached skill level 1 in Summonings
  2499 | D:3      | Reached skill level 1 in Necromancy
  2499 | D:3      | Reached skill level 1 in Translocations
  2499 | D:3      | Reached skill level 1 in Transmutations
  2499 | D:3      | Reached skill level 1 in Fire Magic
  2499 | D:3      | Reached skill level 1 in Ice Magic
  2499 | D:3      | Reached skill level 1 in Air Magic
  2499 | D:3      | Reached skill level 1 in Earth Magic
  2499 | D:3      | Reached skill level 1 in Poison Magic
  2499 | D:3      | Reached XP level 5. HP: 43/43 MP: 5/12
  2499 | D:3      | Reached XP level 6. HP: 50/50 MP: 5/13
  2776 | D:4      | Got a steaming leather armour
  2786 | D:4      | Identified the +2 leather armour of Cotask {rC- rN+ Str+4
                  | Int+4} (You found it on level 4 of the Dungeon)
  2927 | D:4      | Learned a level 3 spell: Ozocubu's Armour
  2931 | D:4      | Learned a level 3 spell: Spectral Weapon
  3068 | D:4      | Noticed Edmund
  3109 | D:4      | Killed Edmund
  3109 | D:4      | Reached skill level 5 in Fighting
  3109 | D:4      | Reached skill level 5 in Long Blades
  3109 | D:4      | Reached skill level 5 in Dodging
  3174 | D:4      | Found a blossoming altar of Fedhas.
  3176 | D:4      | Found an ancient bone altar of Kikubaaqudgha.
  3274 | D:4      | Found a shadowy altar of Dithmenos.
  3275 | D:4      | Found a sparkling altar of Nemelex Xobeh.
  3711 | D:5      | Entered Level 5 of the Dungeon
  3732 | D:5      | Reached XP level 7. HP: 56/56 MP: 15/15
  3855 | D:5      | Found a blossoming altar of Fedhas.
  3990 | D:5      | Found a glowing golden altar of the Shining One.
  3992 | D:5      | Became a worshipper of the Shining One
  4583 | D:5      | Reached XP level 8. HP: 63/63 MP: 16/16
  5007 | D:6      | Got a colourful robe
  5008 | D:6      | Identified the +0 robe of Action {Str+3} (You found it on
                  | level 6 of the Dungeon)
  5157 | D:6      | Reached * piety under the Shining One
  5165 | D:6      | Reached skill level 6 in Spellcasting
  5342 | D:6      | Found a staircase to the Ecumenical Temple.
  5363 | Temple   | Entered the Ecumenical Temple
  5407 | D:6      | Found a shattered altar of Ashenzari.
  5481 | D:6      | Noticed Grinder
  5501 | D:6      | Killed Grinder
  5516 | D:6      | Reached XP level 9. HP: 31/69 MP: 15/18
  5747 | D:6      | Found a shimmering blue altar of Sif Muna.
  6415 | D:7      | Found a sand-covered staircase.
  6425 | Ossuary  | Entered an ossuary
  6448 | Ossuary  | Reached ** piety under the Shining One
  6499 | Ossuary  | Reached *** piety under the Shining One
  6560 | Ossuary  | Reached **** piety under the Shining One
  7162 | D:7      | Found a shimmering altar of Xom.
  7163 | D:7      | Found a burning altar of Makhleb.
  7174 | D:7      | Noticed a two-headed ogre
  7191 | D:7      | Killed a two-headed ogre
  7191 | D:7      | Reached skill level 5 in Armour
  7191 | D:7      | Reached skill level 5 in Invocations
  7376 | D:8      | Learned a level 2 spell: Blink
  7378 | D:8      | Learned a level 1 spell: Magic Dart
  7382 | D:8      | Learned a level 3 spell: Mephitic Cloud
  7579 | D:8      | Noticed Psyche
  7580 | D:8      | Reached ***** piety under the Shining One
  7588 | D:7      | Upgraded the game from 0.25-b1-37-g2669288c55 to
                  | 0.25.1-2-g60ff931df9
  7629 | D:8      | Reached XP level 10. HP: 55/77 MP: 15/20
  7630 | D:8      | Reached skill level 7 in Spellcasting
  8072 | D:8      | Cast into level 2 of the Abyss (Psyche)
  8118 | Abyss:2  | Noticed a starcursed mass
  8186 | Abyss:2  | Noticed a sun demon
  8190 | Abyss:2  | Noticed a large abomination
  8238 | Abyss:2  | Noticed a large abomination
  8238 | Abyss:2  | Noticed a tentacled starspawn
  8244 | Abyss:2  | Noticed a thrashing horror
  8256 | Abyss:2  | Demolished by a large abomination

Illustrated notes

Levels and vault maps discovered:
D:1:      lemuel_arrival_muddy, layout_rooms, serial_corexii_hall,
          chequers_hall_statues_y, corexii_hall_statues_i,
          corexii_hall_statues_s, nrook_mini_backslash
D:2:      layout_loops_ring
D:3:      layout_loops_corners, vehumet_crystals, uniq_sigmund
D:4:      layout_loops_ring, grunt_temple_overflow_growth_and_decay,
          amethyst_overflow_temple_binary, uniq_edmund
D:5:      layout_loops_cross, marbit_many_paths, first_ration, fedhas_altar_1
D:6:      layout_basic, led_sif_pool, cheibrodos_ashenzari_chains,
          temple_fountains, grunt_potential, uniq_grinder
D:7:      layout_basic, grunt_temple_overflow_champion_of_chaos,
          nicolae_ossuary_entry_giza
D:8:      layout_rooms, serial_shops, shop, the_bakery, kennysheep_nub,
          uniq_psyche
Temple:   jpeg_temple_clearing
Abyss:2:  base: D:1, hangedman_steaming_rock

Skill      XL: |  1  2  3  4  5  6  7  8  9 10 |
---------------+-------------------------------+-----
Spellcasting   | 5 6 7 |  7.1
Invocations    | 1 2 3 4 5 |  5.4
Short Blades   | 1 2 3 4 |  4.9
Axes           | 1 2 3 4 |  4.9
Maces & Flails | 1 2 3 4 |  4.9
Polearms       | 1 2 3 4 |  4.9
Staves         | 1 2 3 4 |  4.9
Slings         | 1 2 3 4 |  4.9
Bows           | 1 2 3 4 |  4.9
Crossbows      | 1 2 3 4 |  4.9
Throwing       | 1 2 3 4 |  4.9
Stealth        | 1 2 3 4 |  4.9
Shields        | 1 2 3 4 |  4.9
Unarmed Combat | 1 2 3 4 |  4.9
Evocations     | 1 2 3 4 |  4.9
Armour         | 3 4 5 |  5.6
Conjurations   | 1 2 3 4 |  4.0
Hexes          | 1 2 3 4 |  4.0
Summonings     | 1 2 3 4 |  4.0
Necromancy     | 1 2 3 4 |  4.0
Translocations | 1 2 3 4 |  4.0
Transmutations | 1 2 3 4 |  4.0
Fire Magic     | 1 2 3 4 |  4.0
Ice Magic      | 1 2 3 4 |  4.0
Air Magic      | 1 2 3 4 |  4.0
Earth Magic    | 1 2 3 4 |  4.0
Poison Magic   | 1 2 3 4 |  4.0
Fighting       | 5 6 |  6.8
Long Blades    | 5 6 |  6.8
Dodging        | 5 6 |  6.8
Charms         | 6 |  6.9

Action                   |  1- 3 |  4- 6 |  7- 9 | 10-12 || total
-------------------------+-------+-------+-------+-------++-------
Melee: Falchion          |    89 |    89 |   208 |       ||   386
       Bite              |    13 |    16 |    80 |     8 ||   117
       Flail             |       |    19 |       |       ||    19
       Punch             |       |     1 |     8 |     1 ||    10
       Scimitar          |       |       |   196 |    23 ||   219
 Cast: Infusion          |    11 |     7 |     2 |     1 ||    21
       Shroud of Golubri |     3 |     4 |     1 |       ||     8
       Song of Slaying   |     1 |     4 |    11 |       ||    16
       Ozocubu's Armour  |       |     2 |    12 |     1 ||    15
       Magic Dart        |       |       |     3 |       ||     3
       Mephitic Cloud    |       |       |     1 |       ||     1
       Blink             |       |       |       |     7 ||     7
       Spectral Weapon   |       |       |       |     1 ||     1
Invok: Divine Shield     |       |       |       |     1 ||     1
Evoke: Wand              |       |     3 |     2 |       ||     5
  Use: Scroll            |       |     9 |     4 |       ||    13
 Stab: Paralysed         |       |    12 |       |       ||    12
       Sleeping          |       |     1 |       |       ||     1
  Eat: Chunk             |     2 |     7 |    10 |     1 ||    20
       Ration            |       |       |     1 |     1 ||     2
Armor: Leather armour    |    22 |    15 |   122 |     8 ||   167
Dodge: Dodged            |    71 |    75 |   279 |    43 ||   468
Block: Other             |       |       |       |     1 ||     1
       Rpst.: Falchion   |    15 |    15 |    45 |       ||    75
       Scimitar          |       |       |    50 |    12 ||    62
